[Event "Team 45 45 League T42"]
[Site "Internet Chess Club"]
[Date "2009.08.18"]
[Round "3"]
[White "Razorbackchess"]
[Black "Masterntraining"]
[Result "1/2-1/2"]
[WhiteElo "1813"]
[BlackElo "1758"]
[Opening "Nimzo-Indian: classical, 4...Nc6"]
[ECO "E33"]
[Time "22:33:45"]
[TimeControl "2700+45"]

1. d4 Nf6 2. c4 e6 3. Nc3 Bb4 4. Qc2 Nc6 5. e3 O-O 6. a3 Bxc3+ 7. Qxc3 Ne4 8.
Qc2 d5 9. Bd3 Nf6 10. Nf3 Bd7 11. O-O Ne7 12. Ne5 Kh8 13. c5 Qe8 14. f4 Bb5 15.
Bxb5 Qxb5 16. a4 Qe8 17. Bd2 Ne4 18. b4 f6 19. Nf3 a6 20. Bc3 Nf5 21. Rae1 h5
22. Bb2 h4 23. Nd2 Nxd2 24. Qxd2 Qxa4 25. Bc3 Qc6 26. g4 hxg3 27. hxg3 Kg8 28.
Qh2 Kf7 29. g4 Rh8 30. Qg2 Nh4 31. Qg3 Rh7 32. Kf2 Rah8 33. Rh1 Qa4 34. Bd2 Qc2
35. Ke2 Qc4+ 36. Kf2 Qd3 37. Rd1 Qe4 38. Rdg1 g6 39. f5 e5 40. dxe5 Qxe5 41.
Qxe5 fxe5 42. Bc3 Kf6 43. fxg6 Nxg6 44. Rxh7 Rxh7 45. Kg3 Rh4 46. Rf1+ Ke6 47.
Rf5 Rh1 48. Rg5 Rh6 49. Rh5 Rxh5 50. gxh5 Nf8 51. Kg4 Kf6 52. Be1 d4 53. exd4
exd4 54. Bd2 Nh7 55. h6 b6 56. cxb6 cxb6 57. Kf3 Ke5 58. Kg4 Kf6 59. Kf4 Ng5 60.
Kg4 Ne4 61. Bf4 a5 62. bxa5 bxa5 63. Kf3 Nc3 64. Be5+ Kg6 65. Bxd4 Nb5 66. Bc5
Kxh6 67. Ke4 Kg6 68. Kd3 Kf5 69. Kc4 Nc7 70. Bb6 a4 71. Bxc7 a3 72. Kb3 a2 73.
Kxa2 {Game drawn because neither player has mating material} 1/2-1/2

[Event "Team 45 45 League T42"]
[Site "Internet Chess Club"]
[Date "2009.08.15"]
[Round "3"]
[White "BrerRabbit"]
[Black "BubbaHo-tep"]
[Result "0-1"]
[WhiteElo "1554"]
[BlackElo "1524"]
[Opening "English opening"]
[ECO "A20"]
[Time "15:00:53"]
[TimeControl "2700+45"]

1. c4 e5 2. g3 Nf6 3. Bg2 d5 4. cxd5 Nxd5 5. Nf3 Nc6 6. O-O Bf5 7. d4 Ndb4 8.
Nh4 Bc2 9. Qd2 Ba4 10. b3 Bb5 11. a3 Nd5 12. dxe5 Nb6 13. Bb2 Qxd2 14. Nxd2 Bxe2
15. Rfe1 Bg4 16. Rac1 O-O-O 17. Nf1 Nd4 18. Bxd4 Rxd4 19. Re4 Rxe4 20. Bxe4 Bxa3
21. Rc3 Re8 22. Ne3 Bh3 23. f4 Nd7 24. Bd5 f6 25. e6 Nb6 26. f5 Bb2 27. Rd3 Nxd5
28. Rxd5 Rd8 29. Rxd8+ Kxd8 30. Kf2 a5 31. g4 Bd4 32. Kg3 Bxe3 33. Kxh3 b5 34.
Nf3 a4 35. bxa4 bxa4 36. Ne1 a3 37. Nc2 a2 38. Kg2 Bc1 39. Kf3 Bb2 40. Ke2 a1=Q
41. Nxa1 Bxa1 42. Kd3 Be5 43. Kc4 Bd6 44. h3 g6 45. Kb5 gxf5 46. gxf5 Ke8 47. h4
h5 48. Kc6 Bg3 49. Kb7 Bxh4 50. Kxc7 Bg3+ 51. Kc6 h4 {White resigns} 0-1

[Event "Team 45 45 League T42"]
[Site "Internet Chess Club"]
[Date "2009.08.21"]
[Round "3"]
[White "kingphisch"]
[Black "bmw2002"]
[Result "0-1"]
[WhiteElo "1601"]
[BlackElo "1672"]
[Opening "Caro-Kann: exchange, Rubinstein variation"]
[ECO "B13"]
[Time "13:07:05"]
[TimeControl "2700+45"]

1. e4 c6 2. d4 d5 3. exd5 cxd5 4. Bd3 Nc6 5. c3 Nf6 6. Bf4 g6 7. Nf3 Bg7 8. Nbd2
O-O 9. O-O Re8 10. Re1 Nh5 11. Be5 f6 12. Bg3 Nxg3 13. hxg3 Bg4 14. Qc2 e5 15.
dxe5 fxe5 16. Be2 Rc8 17. Rad1 Qb6 18. Ng5 Bf5 19. Qc1 Nd4 20. Nb3 Nxe2+ 21.
Rxe2 Bg4 22. Nf3 d4 23. Qg5 h5 24. cxd4 exd4 25. Rxe8+ Rxe8 26. Qd5+ Be6 27. Qc5
Qxc5 28. Nxc5 Bxa2 29. Ra1 Bd5 30. Rxa7 b5 31. Nd3 Bc4 32. Nfe1 Re2 33. Ra6 Kh7
34. Kf1 Rd2 35. Ra3 Rxb2 36. f4 Bf8 37. Ra7+ Kh6 38. Kg1 Rd2 39. Ne5 Bc5 40.
Nf7+ Bxf7 41. Rxf7 Rd1 42. Kf1 d3 43. Rc7 d2 {White resigns} 0-1

[Event "Team 45 45 League T42"]
[Site "Internet Chess Club"]
[Date "2009.08.15"]
[Round "3"]
[White "zepled37"]
[Black "twintower"]
[Result "1-0"]
[WhiteElo "1681"]
[BlackElo "1449"]
[Opening "French: advance variation"]
[ECO "C02"]
[Time "19:03:06"]
[TimeControl "2700+45"]

1. e4 e6 2. d4 d5 3. e5 c5 4. c3 Qb6 5. Nf3 Nc6 6. Be2 Nge7 7. Na3 Nf5 8. Nc2
cxd4 9. cxd4 Nfxd4 10. Ncxd4 Bb4+ 11. Kf1 Bc5 12. Bb5 Bd7 13. Bxc6 Bxc6 14. g3
Qa6+ 15. Kg2 Bd7 16. Qe2 Qb6 17. Rd1 O-O 18. b3 f6 19. Bb2 Rf7 20. Rac1 Raf8 21.
Rd3 fxe5 22. Qxe5 Bd6 23. Qh5 e5 24. Ng5 g6 25. Qh6 {Black resigns} 1-0

[Event "Team 45 45 League T42"]
[Site "Internet Chess Club"]
[Date "2009.08.16"]
[Round "3"]
[White "kidviper"]
[Black "Timotheous"]
[Result "1-0"]
[WhiteElo "1751"]
[BlackElo "1655"]
[Opening "Sicilian: accelerated fianchetto, modern variation with Bc4"]
[ECO "B35"]
[Time "12:45:05"]
[TimeControl "2700+45"]

1. e4 c5 2. Nf3 Nc6 3. d4 cxd4 4. Nxd4 Nf6 5. Nc3 g6 6. Be3 Bg7 7. Bc4 Qa5 8.
Qd2 Nxe4 9. Nxc6 Qxc3 10. bxc3 Bxc3 11. Qxc3 Nxc3 12. Nxe7 Kxe7 13. Bd4 Re8 14.
Bxc3 Kf8+ 15. Kd2 {Black resigns} 1-0

[Event "Team 45 45 League T42"]
[Site "Internet Chess Club"]
[Date "2009.08.16"]
[Round "3"]
[White "noblitz-oblige"]
[Black "John3v16"]
[Result "1-0"]
[WhiteElo "1673"]
[BlackElo "1657"]
[Opening "Sicilian: Pin variation (Sicilian counter-attack)"]
[ECO "B41"]
[Time "08:27:13"]
[TimeControl "2700+45"]

1. e4 c5 2. Nf3 e6 3. d4 cxd4 4. Nxd4 Nf6 5. Nc3 Bb4 6. Bd3 Nc6 7. Nxc6 dxc6 8.
O-O Qc7 9. Qf3 Bd6 10. h3 h6 11. Re1 Bd7 12. Be3 a6 13. Rad1 c5 14. Bc4 b5 15.
e5 Bc6 16. Bd5 Nxd5 17. Nxd5 Bxd5 18. Rxd5 exd5 19. exd6 Qc6 20. Bg5+ Kf8 21.
Re7 f6 22. Bxf6 Kg8 23. Rxg7+ Kf8 24. Be7+ Kxg7 25. Qf6+ {Black resigns} 1-0

[Event "Team 45 45 League T42"]
[Site "Internet Chess Club"]
[Date "2009.08.16"]
[Round "3"]
[White "kidcobra"]
[Black "SilverBlade"]
[Result "0-1"]
[WhiteElo "1413"]
[BlackElo "1646"]
[Opening "Sicilian: dragon variation"]
[ECO "B70"]
[Time "13:58:15"]
[TimeControl "2700+45"]

1. e4 c5 2. Nf3 d6 3. d4 cxd4 4. Nxd4 Nf6 5. Nc3 g6 6. Bc4 Bg7 7. Be3 Nc6 8. Qd2
Ng4 9. O-O-O Nxe3 10. Qxe3 Nxd4 11. Rxd4 Bxd4 12. Qxd4 O-O 13. h4 e5 14. Qe3 a6
15. h5 g5 16. h6 Be6 17. Bxe6 fxe6 18. Rh5 Rf6 19. Rxg5+ Rg6 20. Rxg6+ hxg6 21.
Qg3 Qf6 22. Qh3 Kh7 23. f3 Re8 24. Qg3 Qf4+ 25. Qxf4 exf4 26. Kd2 Kxh6 27. Ne2
e5 28. Kd3 Rc8 29. c3 Kh5 30. g3 fxg3 31. Nxg3+ Kh4 32. Ne2 Kh3 33. Ke3 g5 34.
Ng1+ Kg2 35. Ne2 Rf8 36. Kd2 Rxf3 37. Nc1 Kf2 38. b4 g4 39. Nd3+ Rxd3+ 40. Kxd3
g3 41. c4 g2 42. c5 dxc5 43. bxc5 g1=Q 44. Kc4 Qd1 45. c6 bxc6 46. a3 Qa4+ 47.
Kc5 Qxe4 48. a4 Qxa4 49. Kb6 e4 50. Ka7 Qb5 51. Ka8 e3 52. Ka7 e2 53. Ka8 e1=Q
54. Ka7 Qe7+ {White resigns} 0-1

[Event "Team 45 45 League T42"]
[Site "Internet Chess Club"]
[Date "2009.08.14"]
[Round "3"]
[White "Mudfrog"]
[Black "Skyler"]
[Result "1-0"]
[WhiteElo "1506"]
[BlackElo "1466"]
[Opening "Sicilian: accelerated fianchetto, modern variation"]
[ECO "B34"]
[Time "16:00:12"]
[TimeControl "2700+45"]

1. e4 c5 2. Nf3 Nc6 3. d4 cxd4 4. Nxd4 g6 5. Nc3 Bg7 6. Be3 Nf6 7. Nxc6 bxc6 8.
f3 O-O 9. Qd2 d5 10. O-O-O Bb7 11. exd5 Nxd5 12. Nxd5 Qxd5 13. Qxd5 cxd5 14. Bc5
Rfe8 15. Bb5 Rec8 16. Bxe7 a6 17. Ba4 d4 18. Rhe1 Rc7 19. Bd6 Rcc8 20. Bb3 a5
21. a4 Rc6 22. Re7 Rxd6 23. Rxb7 Rf6 24. Rxd4 Rxf3 25. gxf3 Bxd4 26. Rxf7 Rf8
27. Rf4+ Kg7 28. Rxd4 Rxf3 29. Rd7+ Kh6 30. Bg8 Rf1+ 31. Rd1 Rxd1+ 32. Kxd1 Kg7
33. Bd5 h5 34. Ke2 g5 35. Ke3 Kf6 36. Kd4 g4 37. c4 h4 38. c5 Ke7 39. Ke5 g3 40.
hxg3 hxg3 41. Be4 Kd7 42. Kd5 Kc7 43. b3 Kc8 44. Kc6 Kb8 45. Kb6 Kc8 46. Kxa5
Kc7 47. b4 Kc8 48. Kb6 Kb8 49. b5 Kc8 50. Ka7 Kc7 51. b6+ Kc8 52. b7+ Kd7 53.
b8=Q Ke6 54. Qxg3 Kd7 55. Qd6+ Ke8 56. Bg6# {Black checkmated} 1-0

[Event "Team 45 45 League T42"]
[Site "Internet Chess Club"]
[Date "2009.08.18"]
[Round "3"]
[White "LeanSixSigma"]
[Black "KingOfHearts"]
[Result "1-0"]
[WhiteElo "1314"]
[BlackElo "1291"]
[Opening "Four knights: Italian variation"]
[ECO "C47"]
[Time "20:00:08"]
[TimeControl "2700+45"]

1. e4 e5 2. Nf3 Nc6 3. Nc3 Nf6 4. Bc4 h6 5. d3 Bc5 6. Bd2 d6 7. h3 Bd7 8. Qe2
Nd4 9. Nxd4 Bxd4 10. Be3 Bxe3 11. fxe3 Qe7 12. Rf1 a6 13. Nd5 Nxd5 14. Bxd5 O-O
15. Qh5 c6 16. Bb3 Be6 17. Rf3 Bxb3 18. axb3 Qg5 19. Qxg5 hxg5 20. O-O-O f6 21.
g4 Kf7 22. d4 Ke6 23. d5+ Kd7 24. Kd2 c5 25. Ra1 Rh8 26. Ra4 Rh7 27. b4 b5 28.
Ra3 cxb4 29. Rb3 a5 30. c3 Rah8 31. cxb4 a4 32. Ra3 Rxh3 33. Rxh3 Rxh3 34. b3
axb3 35. Rxb3 Rg3 36. Ra3 Ke8 37. Ra6 Rxg4 38. Kd3 Ke7 39. Ra7+ Kf8 40. Rd7 Rg1
41. Rxd6 Ra1 42. Rb6 g4 43. Rxb5 g3 44. Rb8+ Kf7 45. Rb7+ Kg6 46. d6 g2 47. d7
Ra8 48. Ra7 Rd8 49. Ra1 Rxd7+ 50. Ke2 Rb7 51. Rg1 Rxb4 52. Rxg2+ Kf7 53. Kf3 g5
54. Rg4 Ke6 55. Rg2 Rb7 56. Rh2 Rg7 57. Kg4 Rd7 58. Rh6 Rd1 59. Kf3 Rg1 60. Kf2
Rg4 61. Kf3 Rh4 62. Rxh4 gxh4 63. Kg4 h3 64. Kxh3 f5 65. exf5+ Kxf5 66. Kg3 Ke4
67. Kf2 Kd3 68. Kf3 e4+ 69. Kf4 Kc4 70. Kxe4 Kc5 71. Ke5 Kc6 72. e4 Kd7 73. Kf6
Ke8 74. e5 Kf8 75. Ke6 Ke8 76. Kd6 Kd8 77. e6 Ke8 78. e7 Kf7 79. Kd7 {Black
resigns} 1-0

[Event "Team 45 45 League T42"]
[Site "Internet Chess Club"]
[Date "2009.08.17"]
[Round "3"]
[White "kabubi"]
[Black "Traho"]
[Result "1-0"]
[WhiteElo "1239"]
[BlackElo "1218"]
[Opening "Caro-Kann: exchange variation"]
[ECO "B13"]
[Time "21:01:30"]
[TimeControl "2700+45"]

1. e4 c6 2. d4 d5 3. exd5 cxd5 4. Bd3 Nc6 5. c3 e6 6. Nf3 Bd6 7. Nbd2 Nf6 8. O-O
h6 9. Re1 Bc7 10. b4 a6 11. Qa4 Bd7 12. Qb3 b5 13. Nf1 Bd6 14. a3 Qb6 15. a4 O-O
16. Ng3 bxa4 17. Qc2 Rfc8 18. Ne2 Nxb4 19. Qb1 Rcb8 20. cxb4 Bxb4 21. Bd2 Bxd2
22. Nxd2 Rb7 23. Qxb6 Rxb6 24. Rab1 Rbb8 25. Nc3 Bc6 26. Bc2 a3 27. Nf3 Nd7 28.
Nd2 Nb6 29. Ra1 Nc4 30. Nxc4 dxc4 31. Rxa3 Rb2 32. Re2 g5 33. Nd1 Rb4 34. Nc3 f5
35. Rxe6 Bb7 36. Rg6+ Kh7 37. Bxf5 Bc8 38. Rb6+ {Black resigns} 1-0

[Event "Team 45 45 League T42"]
[Site "Internet Chess Club"]
[Date "2009.08.15"]
[Round "3"]
[White "RancidTurnip"]
[Black "rgadoury"]
[Result "0-1"]
[WhiteElo "1228"]
[BlackElo "1240"]
[Opening "Caro-Kann: Panov-Botvinnik attack"]
[ECO "B13"]
[Time "14:02:44"]
[TimeControl "2700+45"]

1. e4 c6 2. d4 d5 3. exd5 cxd5 4. c4 Nf6 5. Nf3 Nc6 6. Nc3 Bg4 7. h3 Bxf3 8.
Qxf3 Nxd4 9. Qd3 dxc4 10. Qd1 e6 11. Bxc4 Bc5 12. Qa4+ Nc6 13. Bg5 O-O 14. Rd1
Qb6 15. Bxf6 Bxf2+ 16. Kf1 gxf6 17. Ne4 Bh4 18. g3 f5 19. gxh4 fxe4 20. Rg1+ Kh8
21. Qc2 Rg8 22. Qc3+ e5 23. Rxg8+ Rxg8 24. Ke2 Rg2+ 25. Ke1 Qf2# {White
checkmated} 0-1

[Event "Team 45 45 League T42"]
[Site "Internet Chess Club"]
[Date "2009.08.17"]
[Round "3"]
[White "chips"]
[Black "WannaB"]
[Result "1-0"]
[WhiteElo "1222"]
[BlackElo "971"]
[Opening "Queen's pawn game, Darooha variation "]
[ECO "D02"]
[Time "16:12:24"]
[TimeControl "2700+45"]

1. Nf3 d5 2. d4 Nf6 3. g3 c6 4. Bg2 a6 5. O-O Bg4 6. Nbd2 Ne4 7. e3 e6 8. c4 Bb4
9. Qa4 Bxd2 10. Bxd2 Nxd2 11. Nxd2 O-O 12. c5 Be2 13. Rfe1 Bb5 14. Qd1 Nd7 15.
a4 Bc4 16. Nxc4 dxc4 17. Qc1 b5 18. axb5 axb5 19. Bxc6 Rxa1 20. Qxa1 b4 21. Bb5
c3 22. bxc3 bxc3 23. Qxc3 Nf6 24. Ra1 Nd5 25. Qa5 Qxa5 26. Rxa5 Nc7 27. Bf1 Ra8
28. Rxa8+ Nxa8 29. Bg2 Nc7 30. Kf1 Kf8 31. Ke2 Ke7 32. Kd3 f6 33. Kc4 h6 34. Kb4
h5 35. Ka5 g5 36. Kb6 Nd5+ 37. Bxd5 exd5 38. Kc6 Ke6 39. Kc7 Ke7 40. Kb7 Kd8 41.
c6 {Black resigns} 1-0

[Event "Team 45 45 League T42"]
[Site "Internet Chess Club"]
[Date "2009.08.16"]
[Round "3"]
[White "guyd52"]
[Black "ThePatzer"]
[Result "1-0"]
[WhiteElo "1376"]
[BlackElo "1244"]
[Opening "King's pawn opening"]
[ECO "E70"]
[Time "18:00:31"]
[TimeControl "2700+45"]

1. e4 d6 2. c4 Nf6 3. Nc3 g6 4. d4 Bg7 5. Bf4 O-O 6. Qd2 Nc6 7. O-O-O a6 8. f3
Nd7 9. Nge2 Na5 10. b3 c6 11. g4 b5 12. c5 d5 13. h4 Nf6 14. e5 Ne8 15. h5 e6
16. hxg6 fxg6 17. Bg5 Qd7 18. Bg2 Rf7 19. Rh3 Bf8 20. Rdh1 Nc7 21. Nf4 Bb7 22.
Nxg6 Re8 23. Qd3 Be7 24. Nxe7+ Rexe7 25. Bxe7 Qxe7 26. f4 Rg7 27. Ne2 b4 28. Ng3
Nb5 29. Nh5 Rxg4 30. Nf6+ Qxf6 31. exf6 Rxg2 32. Qxh7+ Kf8 33. Qh8+ Rg8 34. Qh6+
Kf7 35. Qh7+ Kf8 36. Qe7# {Black checkmated} 1-0

[Event "Team 45 45 League T42"]
[Site "Internet Chess Club"]
[Date "2009.08.16"]
[Round "3"]
[White "ffplayer"]
[Black "CoasterBrake"]
[Result "1-0"]
[WhiteElo "1145"]
[BlackElo "1193"]
[Opening "QGD Slav: 4.Nc3"]
[ECO "D15"]
[Time "09:32:07"]
[TimeControl "2700+45"]

1. d4 d5 2. c4 Nf6 3. Nc3 c6 4. Nf3 Bg4 5. e3 Nbd7 6. Be2 e5 7. dxe5 Nxe5 8.
Nxe5 Bxe2 9. Qxe2 dxc4 10. Nxc4 Bb4 11. Bd2 O-O 12. O-O Re8 13. Rfd1 Qc7 14. a3
Bc5 15. b4 Be7 16. Nb1 Qc8 17. Ne5 Bd6 18. Nf3 Ne4 19. Qe1 Re6 20. Nc3 Be5 21.
Nxe5 Rxe5 22. Nxe4 Rxe4 23. Bc3 Qe6 24. Bd4 Rh4 25. f3 Qh6 26. Qg3 g5 27. Rd2
Re8 28. Rad1 b6 29. Ba1 f6 30. Rd8 Kf7 31. R8d6 Re6 32. Rxe6 Kxe6 33. Qd6+ Kf7
34. Qd7+ Kg6 35. Qe8+ Kf5 36. e4+ Kf4 37. Qb8+ Ke3 38. Qg3 Qf8 39. Bd4+ {Black
resigns} 1-0

[Event "Team 45 45 League T42"]
[Site "Internet Chess Club"]
[Date "2009.08.15"]
[Round "3"]
[White "farbror"]
[Black "Newcastler"]
[Result "0-1"]
[WhiteElo "1231"]
[BlackElo "1257"]
[Opening "Sicilian: Grand Prix attack"]
[ECO "B23"]
[Time "15:00:09"]
[TimeControl "2700+45"]

1. e4 c5 2. Nc3 Nc6 3. f4 g6 4. Nf3 e6 5. Bc4 Nge7 6. O-O d5 7. exd5 exd5 8. Bb5
a6 9. Bxc6+ Nxc6 10. d3 d4 11. Qe1+ Be7 12. Ne4 O-O 13. Qd2 Bf5 14. c3 Re8 15.
Ng3 Qd7 16. cxd4 Nxd4 17. Nxf5 Nxf5 18. b3 Rad8 19. Ne5 Qd4+ 20. Qf2 Qxa1 21.
Bb2 Qxa2 22. Qc2 Qa5 23. Nc4 Qc7 24. Qc3 Nd4 25. Kh1 Bf6 26. f5 g5 27. Qc1 Re2
28. Ne3 Qc6 29. Qd1 Rxb2 {White resigns} 0-1

[Event "Team 45 45 League T42"]
[Site "Internet Chess Club"]
[Date "2009.08.14"]
[Round "3"]
[White "carolinaknight"]
[Black "dornoch"]
[Result "1-0"]
[WhiteElo "1242"]
[BlackElo "1002"]
[Opening "Caro-Kann: advance variation"]
[ECO "B12"]
[Time "21:00:18"]
[TimeControl "2700+45"]

1. e4 c6 2. d4 d5 3. e5 Bf5 4. Nc3 e6 5. g4 Bg6 6. Nf3 Bb4 7. Bd2 h6 8. Bg2 Nd7
9. O-O Qc7 10. Nxd5 exd5 11. Bxb4 Ne7 12. Bd6 Qb6 13. Bxe7 Kxe7 14. Rb1 c5 15.
c3 Bxb1 16. Qxb1 Rac8 17. Nh4 g6 18. Bxd5 cxd4 19. e6 fxe6 20. Nxg6+ Kd6 21.
Nxh8 Rxh8 22. Bg2 dxc3 23. Rd1+ Kc7 24. bxc3 Qxb1 25. Rxb1 Rf8 26. Rxb7+ {Black
resigns} 1-0

[Event "Team 45 45 League T42"]
[Site "Internet Chess Club"]
[Date "2009.08.17"]
[Round "3"]
[White "tourettes"]
[Black "SugarIslander"]
[Result "1-0"]
[WhiteElo "1654"]
[BlackElo "1718"]
[Opening "Caro-Kann: closed (Breyer) variation"]
[ECO "B10"]
[Time "16:14:22"]
[TimeControl "2700+45"]

1. e4 c6 2. d3 d5 3. exd5 cxd5 4. d4 Nc6 5. Nf3 Bg4 6. Be2 Qb6 7. c3 Nf6 8. O-O
e6 9. Nbd2 Bd6 10. Bd3 Qc7 11. Qc2 h5 12. h3 O-O-O 13. Ng5 g6 14. Ndf3 Bf5 15.
Re1 Nh7 16. Bd2 Rde8 17. b4 e5 18. Bxf5+ gxf5 19. Qxf5+ Kb8 20. Nxh7 f6 21. dxe5
Nxe5 22. Nxf6 Ref8 23. Nxe5 Ka8 24. Ng6 Bh2+ 25. Kh1 Bg1 26. Kxg1 Rxf6 27. Qxf6
Rb8 28. Bf4 Qc4 29. Bxb8 a6 30. Bd6 h4 31. Bc5 {Black resigns} 1-0

[Event "Team 45 45 League T42"]
[Site "Internet Chess Club"]
[Date "2009.08.15"]
[Round "3"]
[White "oldsj"]
[Black "MarkNY"]
[Result "0-1"]
[WhiteElo "1656"]
[BlackElo "1647"]
[Opening "Sicilian: dragon, Yugoslav attack, 10.O-O-O"]
[ECO "B78"]
[Time "08:31:09"]
[TimeControl "2700+45"]

1. e4 c5 2. Nf3 g6 3. d4 cxd4 4. Nxd4 Nf6 5. Nc3 d6 6. Be3 Bg7 7. f3 O-O 8. Qd2
Nc6 9. Bc4 Bd7 10. O-O-O Rc8 11. Bb3 Ne5 12. h4 Nc4 13. Bxc4 Rxc4 14. g4 h5 15.
g5 Ne8 16. Nd5 Nc7 17. Nb3 Nxd5 18. Qxd5 Be6 19. Qxb7 Rc7 20. Qb4 Qa8 21. Bd4
Rfc8 22. Rd2 Rc4 23. Qa3 Qc6 24. Nc5 Bxd4 25. Nxe6 fxe6 26. c3 Be3 27. Rh2 Bxd2+
28. Rxd2 Rc7 29. Qb3 Qc5 30. Qb8+ Rc8 31. Qb7 Kf7 32. Rc2 Qb6 33. Qd7 R4c7 34.
Qa4 Qg1+ 35. Kd2 Qf2+ 36. Kd3 Qxf3+ 37. Kd2 Qf2+ 38. Kd3 Qxh4 39. Qd4 Qg3+ 40.
Kd2 Qxg5+ 41. Kd1 Qh6 42. Rf2+ Ke8 43. Qa4+ Kd8 44. Qb5 h4 45. Qf1 Qh5+ 46. Kc2
Kd7 47. Qb5+ Qxb5 {White resigns} 0-1

[Event "Team 45 45 League T42"]
[Site "Internet Chess Club"]
[Date "2009.08.16"]
[Round "3"]
[White "john-beebs"]
[Black "Berkshires"]
[Result "1/2-1/2"]
[WhiteElo "1514"]
[BlackElo "1590"]
[Opening "Three knights game"]
[ECO "C46"]
[Time "14:30:15"]
[TimeControl "2700+45"]

1. e4 e5 2. Nf3 Nc6 3. Nc3 Bb4 4. Bb5 a6 5. Bc4 b5 6. Bb3 Nf6 7. O-O O-O 8. Re1
Bb7 9. d4 d6 10. Bg5 Re8 11. Bxf6 Qxf6 12. Nd5 Qd8 13. c3 Ba5 14. h4 exd4 15.
Nxd4 Nxd4 16. Qxd4 Bb6 17. Nxb6 cxb6 18. g3 Bc8 19. Rad1 Bg4 20. Rd3 Qd7 21.
Qxd6 Qxd6 22. Rxd6 Rab8 23. e5 Re7 24. f4 a5 25. Re4 a4 26. Bc2 Bf5 27. Red4 g6
28. Bxf5 gxf5 29. Rf6 Kh8 30. Rxf5 a3 31. b3 Rc8 32. c4 bxc4 33. Rxc4 Rec7 34.
e6 fxe6 35. Rxc7 Rxc7 36. Re5 Rc1+ 37. Kf2 Rc2+ 38. Re2 Rb2 39. Kf3 Kg7 40. Rxe6
Rxa2 41. Rxb6 Rb2 42. Kg4 a2 43. Ra6 Kf7 44. b4 Ke7 45. b5 Kd7 46. Ra7+ Kd6 47.
b6 Kc6 48. b7 Kc7 49. b8=Q+ Kxb8 50. Ra4 Kc7 51. f5 Kd6 52. Kg5 Ke7 53. g4 Kf7
54. Ra7+ Ke8 55. Kh6 Rb6+ 56. Kh5 Rb2 57. f6 Kf8 58. g5 Rh2 59. Kg4 Rg2+ 60. Kf3
Rb2 61. Ra3 Rh2 62. Kg3 Rb2 63. h5 Rb3+ 64. Rxb3 a1=Q 65. Rb8+ Kf7 66. Rb7+ Ke6
67. Rb6+ Kf7 68. Rb7+ Ke6 69. Rb6+ Kd5 70. Rb5+ Kc4 71. Rf5 Qc3+ 72. Kg4 Qc1 73.
f7 Qg1+ 74. Kh3 Qe3+ 75. Kg4 Qg1+ 76. Kh3 Qe3+ 77. Kg4 Qg1+ {Game drawn by
repetition} 1/2-1/2

[Event "Team 45 45 League T42"]
[Site "Internet Chess Club"]
[Date "2009.08.15"]
[Round "3"]
[White "beerss"]
[Black "crankn8tr"]
[Result "0-1"]
[WhiteElo "1397"]
[BlackElo "1543"]
[Opening "Sicilian defense"]
[ECO "B33"]
[Time "20:00:07"]
[TimeControl "2700+45"]

1. e4 c5 2. Nf3 Nc6 3. d4 cxd4 4. Nxd4 Nf6 5. Nxc6 bxc6 6. e5 Qa5+ 7. Nc3 Qxe5+
8. Be2 d5 9. Be3 g6 10. Bd4 Qd6 11. O-O e5 12. Nb5 cxb5 13. Bxb5+ Bd7 14. Bxd7+
Nxd7 15. Re1 Bg7 16. Qd2 O-O 17. Bc3 Rfe8 18. Rad1 d4 19. Bb4 Qc6 20. c3 Nb6 21.
cxd4 exd4 22. b3 Nd5 23. Rc1 Qb7 24. Bc5 Rxe1+ 25. Qxe1 Nf4 26. Qf1 Rd8 27. b4
d3 28. Rd1 Ne2+ 29. Kh1 Qe4 30. a3 a6 31. h3 Bb2 32. a4 Ba3 33. Bb6 Rb8 34. a5
Bxb4 35. Rb1 Bd6 36. Bc5 Rxb1 37. Qxb1 Bxc5 38. Qb8+ Kg7 39. Qc7 Bxf2 40. h4
Qxh4+ {White resigns} 0-1

[Event "Team 45 45 League T42"]
[Site "Internet Chess Club"]
[Date "2009.08.16"]
[Round "3"]
[White "Salvatore"]
[Black "vaknight"]
[Result "0-1"]
[WhiteElo "1620"]
[BlackElo "1717"]
[Opening "Dutch"]
[ECO "A80"]
[Time "10:45:17"]
[TimeControl "2700+45"]

1. d4 f5 2. Nc3 Nf6 3. Bg5 e6 4. h3 Be7 5. e3 O-O 6. Bc4 d5 7. Bb3 c6 8. Nge2
Qe8 9. Ng3 Nbd7 10. O-O h6 11. Bf4 Kh8 12. f3 Rg8 13. e4 Nh5 14. Nxh5 Qxh5 15.
exd5 exd5 16. Nxd5 cxd5 17. Bxd5 Re8 18. c4 Nb6 19. Re1 Nxd5 20. cxd5 Bd7 21.
Qb3 b6 22. Rac1 Bf6 23. Rxe8+ Rxe8 24. Rc7 Qh4 25. Be5 Qe1+ 26. Kh2 Bxe5+ 27.
dxe5 Qxe5+ {White resigns} 0-1

[Event "Team 45 45 League T42"]
[Site "Internet Chess Club"]
[Date "2009.08.14"]
[Round "3"]
[White "Kallistos"]
[Black "Berke"]
[Result "1-0"]
[WhiteElo "1650"]
[BlackElo "1616"]
[Opening "two knights defense: Fritz variation"]
[ECO "C57"]
[Time "14:00:08"]
[TimeControl "2700+45"]

1. e4 e5 2. Nf3 Nc6 3. Bc4 Nf6 4. Ng5 d5 5. exd5 Nd4 6. d6 Qxd6 7. O-O Be6 8.
Nxe6 Nxe6 9. Re1 O-O-O 10. Nc3 h5 11. d3 Ng4 12. h3 Nh6 13. Nb5 Qd7 14. Nxa7+
Kb8 15. Nb5 f6 16. Be3 Nd4 17. Bxd4 exd4 18. Qxh5 Bb4 19. c3 dxc3 20. bxc3 Ba5
21. Qc5 Bb6 22. Qb4 Rhe8 23. a4 Rxe1+ 24. Rxe1 Qc6 25. Qe7 Rc8 26. Be6 Re8 27.
Qxg7 Nf5 28. Qxf6 Qc5 29. d4 Qxb5 30. axb5 Nd6 31. Re5 Rxe6 32. Qxe6 Ka7 33. c4
Nxc4 34. Qxc4 Bxd4 35. Qa4+ Kb8 36. Re8# {Black checkmated} 1-0

[Event "Team 45 45 League T42"]
[Site "Internet Chess Club"]
[Date "2009.08.17"]
[Round "3"]
[White "arjun"]
[Black "werty"]
[Result "0-1"]
[WhiteElo "1504"]
[BlackElo "1566"]
[Opening "French: exchange variation"]
[ECO "C01"]
[Time "11:35:52"]
[TimeControl "2700+45"]

1. e4 e6 2. d4 d5 3. exd5 exd5 4. Nf3 Bd6 5. Nc3 c6 6. Bd3 Nf6 7. O-O O-O 8. Bg5
Bg4 9. h3 Bh5 10. Re1 Nbd7 11. Bf5 Qc7 12. Qd3 Rfe8 13. Re3 Rxe3 14. Qxe3 Re8
15. Qd3 a6 16. Rd1 b5 17. a3 h6 18. Bxf6 Nxf6 19. g4 Bg6 20. Bxg6 fxg6 21. Qxg6
a5 22. h4 Qc8 23. Kf1 Qxg4 24. Qxg4 Nxg4 25. Re1 Rxe1+ 26. Kxe1 b4 27. Nb1 c5
28. axb4 cxb4 29. c3 Kf7 30. Ke2 Kf6 31. cxb4 axb4 32. Nbd2 Kf5 33. Nb3 Nf6 34.
Nc5 Ne4 35. Nxe4 Kxe4 36. h5 Kf5 37. Ke3 Kg4 38. Ne5+ Kxh5 39. Kf4 Bxe5+ 40.
Kxe5 Kg6 41. Kf4 Kf6 42. Kg4 g6 43. b3 h5+ 44. Kh4 Kf5 45. Kh3 Ke4 46. Kh4 Kxd4
47. Kg5 Ke4 48. Kxg6 h4 49. Kg5 h3 50. f4 h2 51. f5 h1=Q 52. f6 Qg1+ 53. Kh6 Qg8
54. f7 Qf8+ 55. Kg6 d4 56. Kf6 d3 57. Kg6 d2 58. Kf6 d1=Q 59. Kg6 Qg1+ 60. Kf6
Qb6+ 61. Kg5 Qxf7 62. Kg4 Qbg6+ 63. Kh3 Qfh7# {White checkmated} 0-1

[Event "Team 45 45 League T42"]
[Site "Internet Chess Club"]
[Date "2009.08.17"]
[Round "3"]
[White "jacknor"]
[Black "milesotoole"]
[Result "1-0"]
[WhiteElo "1616"]
[BlackElo "1264"]
[Opening "Sicilian: closed"]
[ECO "B23"]
[Time "09:17:40"]
[TimeControl "2700+45"]

1. e4 c5 2. Nc3 a6 3. f4 d6 4. h3 Nf6 5. Nf3 g6 6. d3 Bg7 7. Be2 O-O 8. O-O Nc6
9. Rb1 b5 10. a3 Qb6 11. Be3 Nd4 12. Qd2 Bb7 13. Nd1 Nh5 14. Kh2 Rac8 15. b4
Nxc2 16. Qxc2 cxb4 17. Qxc8 Rxc8 18. Bxb6 Rc2 19. Nd4 Rd2 20. Bxh5 {Black
resigns} 1-0

[Event "Team 45 45 League T42"]
[Site "Internet Chess Club"]
[Date "2009.08.15"]
[Round "3"]
[White "GadsHill"]
[Black "optional"]
[Result "0-1"]
[WhiteElo "1509"]
[BlackElo "1565"]
[Opening "Budapest defense"]
[ECO "A52"]
[Time "10:02:37"]
[TimeControl "2700+45"]

1. d4 Nf6 2. c4 e5 3. dxe5 Ng4 4. e3 Nxe5 5. Nc3 Nbc6 6. Be2 Bc5 7. b3 d6 8. Bb2
Be6 9. Nf3 O-O 10. O-O Qd7 11. Ne4 Bb6 12. c5 Nxf3+ 13. Bxf3 dxc5 14. Qxd7 Bxd7
15. Rfd1 Rad8 16. Rac1 Bf5 17. Nd2 Ba5 18. Nc4 Bb6 19. Nxb6 cxb6 20. Bxc6 bxc6
21. f3 Rfe8 22. e4 Be6 23. Be5 f6 24. Bd6 Rd7 25. Rd2 Red8 26. Rcd1 c4 27. b4 c3
{White resigns} 0-1